 Dungeon Crawl Stone Soup version 0.31-a0-963-ga325b2283a (webtiles) character file.

Game seed: 1851853565079283597

481 lunkers the Martial Artist (level 7, -1/52 HPs)
             Began as a Meteoran Shapeshifter on Oct 25, 2023.
             Succumbed to an orc wizard's poison
             ... on level 5 of the Dungeon.
             The game lasted 00:04:00 (1927 turns).

lunkers the Martial Artist (Meteoran Shapeshifter)  Turns: 1927, Time: 00:04:01

Health: -1/52      AC:  5    Str: 15    XL:     7   Next: 61%
Magic:  8/8        EV: 11    Int: 12    God:
Gold:   212        SH:  0    Dex: 16    Spells: 6/6 levels left

rFire   . .          .
                       - Unarmed
rCold   . . .        (no shield)
rNeg    . . .        g - +0 ring mail
rPois   .            (helmet currently unavailable)
rElec   .            (cloak currently unavailable)
rCorr   .            (gloves currently unavailable)
SInv    .            (boots currently unavailable)
Will    .....        (no amulet)
Stlth   +            (no ring)
HPRegen 0.28/turn    (no ring)
MPRegen 0.11/turn

%: no passive effects
@: lethally poisoned (-1 -> -25), beast-form, glowing
A: beast (slay +3), sense surroundings 1, otherworldly, glowing, explore regen
a: Begin Untransformation


You were on level 5 of the Dungeon.
You were a hulking beast.
You visited 1 branch of the dungeon, and saw 5 of its levels.

You collected 212 gold pieces.

Inventory:

Armour
 a - a +0 animal skin
 g - a +0 ring mail (worn)
 q - a +0 helmet
Jewellery
 r - an amulet of faith
Talismans
 c - a beast talisman
 d - a flux talisman
Scrolls
 e - a scroll of vulnerability {unknown}
 h - a scroll of blinking {unknown}
 i - a scroll of enchant armour {unknown}
 k - a scroll of enchant weapon {unknown}
 l - 2 scrolls of summoning {unknown}
 n - 5 scrolls of identify {unknown}
 s - a scroll of noise {unknown}
 v - a scroll of fear {unknown}
 w - 2 scrolls of revelation {unknown}
 x - a scroll of acquirement {unknown}
Potions
 b - a potion of lignification
 f - 2 potions of haste {unknown}
 j - 2 potions of resistance {unknown}
 m - a potion of brilliance {unknown}
 o - 2 potions of curing {unknown}
 p - a potion of cancellation {unknown}
 t - 3 potions of degeneration {unknown}
 u - a potion of berserk rage {unknown}
 z - a potion of enlightenment {unknown}


   Skills:
 - Level 1.1 Fighting
 - Level 2.1 Dodging
 * Level 8.0 Unarmed Combat
 + Level 5.8 Shapeshifting


You had 6 spell levels left.
You didn't know any spells.
Your spell library contained the following spells:

 Spells                   Type           Power      Damage    Failure   Level
 Call Canine Familiar     Summ           0%         N/A       89%         3
 Sigil of Binding         Hex            0%         N/A       89%         3
 Dimensional Bullseye     Hex/Tloc       0%         N/A       100%        4
 Leda's Liquefaction      Hex/Erth       0%         N/A       100%        4
 Malign Gateway           Summ/Tloc      0%         N/A       100%        7
 Summon Horrible Things   Summ           0%         N/A       100%        8


Dungeon Overview and Level Annotations

Branches:
Dungeon (5/15) Zot: 1092
 Temple: D:4-7

Altars:


Innate Abilities, Weirdness & Mutations

You are a hulking beast.
Your limbs bulge with bestial killing power. (Slay +3)
You passively map a small area around you.
You are easily found by Zot.
You glow in the dark.
You regain HP and MP as you explore.


Message History

You are too injured to fight recklessly!
You are too injured to fight recklessly!
You are too injured to fight recklessly!
You are too injured to fight recklessly!
You are too injured to fight recklessly!
You are too injured to fight recklessly!
You are too injured to fight recklessly!
You are too injured to fight recklessly!
You are too injured to fight recklessly!
You are too injured to fight recklessly!
You are too injured to fight recklessly!
You are too injured to fight recklessly!
You are too injured to fight recklessly!
You are too injured to fight recklessly!
You are too injured to fight recklessly!
An orc is nearby!
Unknown command.
You punch the orc!
You kill the orc!
You feel sick. Something hits you but does no damage.
You are more poisoned.
You miss something.
You feel very sick. Something barely misses you.
You hit something.
You feel very sick. Something hits you.
* * * LOW HITPOINT WARNING * * *
You are lethally poisoned!
You closely miss something.
* * * LOW HITPOINT WARNING * * *
You feel very sick. Something hits you.
* * * LOW HITPOINT WARNING * * *
You are more poisoned.
You hit something.
* * * LOW HITPOINT WARNING * * *
You feel very sick.
You hit something.
You die...

,.,* #.......#######
#.............#########
*#......................
#..............########
#.......#####...#####*
##.......###........... *
......)...#.#.......###.
......{h.............. *
*,###.#.)..#####.####.#.#,
#.##$# #.# ##.# #. * ..#
...* #.# #... #. #.# .###.
*#.# #.##### * #.# #.* ..
.# #<...#. ## # * ,## ##
##.#.#. , #....#.#. , *,
#.####...


There were no monsters in sight!

Vanquished Creatures
  2 black bears (D:4)
  A phantom (D:4)
  2 jellies
  An orc wizard (D:5)
  6 gnolls (D:4)
  3 adders
  2 dart slugs
  2 orcs
  3 ball pythons
  7 endoplasms
  2 giant cockroaches (D:1)
  4 goblins
  2 hobgoblins
  7 jackals
  6 kobolds
  3 quokkas
  5 bats
  2 frilled lizards (D:3)
  A rat (D:1)
61 creatures vanquished.

Notes
Turn   | Place    | Note
-------+----------+-------------------------------------------
     0 | D:1      | lunkers the Meteoran Shapeshifter began the quest for the
                  | Orb.
     0 | D:1      | Reached XP level 1. HP: 16/16 MP: 2/2
    87 | D:1      | Reached XP level 2. HP: 23/23 MP: 3/3
    93 | D:1      | Reached skill level 4 in Unarmed Combat
   210 | D:1      | Reached XP level 3. HP: 20/28 MP: 4/4
  1111 | D:3      | Reached XP level 4. HP: 35/35 MP: 5/5
  1216 | D:3      | Reached skill level 5 in Unarmed Combat
  1532 | D:4      | Reached XP level 5. HP: 11/40 MP: 6/6
  1547 | D:4      | Noticed a black bear
  1553 | D:4      | Killed a black bear
  1554 | D:4      | Reached skill level 6 in Unarmed Combat
  1554 | D:4      | Reached skill level 5 in Shapeshifting
  1554 | D:4      | Reached XP level 6. HP: 27/47 MP: 7/7
  1603 | D:4      | Noticed a black bear
  1613 | D:4      | Killed a black bear
  1614 | D:4      | Reached skill level 7 in Unarmed Combat
  1615 | D:4      | Reached XP level 7. HP: 52/52 MP: 8/8
  1850 | D:5      | Entered Level 5 of the Dungeon
  1921 | D:5      | Reached skill level 8 in Unarmed Combat
  1927 | D:5      | Succumbed to an orc wizard's poison

Illustrated notes

Levels and vault maps discovered:
D:1:      dpeg_arrival_pond, layout_basic, chequers_garden
D:2:      layout_loops_corners
D:3:      minmay_razor_zed, layout_basic, interstate_on_off,
          hangedman_decor_diamond_cutter
D:4:      layout_loops_cross, grunt_gozag_statues
D:5:      layout_loops_ring, kennysheep_mini_moat, serial_shops, shop,
          st_stairs_7, nrook_loot_triangle

Skill      XL: |  1  2  3  4  5  6  7 |
---------------+----------------------+-----
Unarmed Combat | 4 5 6 7 8 |  8.0
Shapeshifting  | 4 5 |  5.8
Fighting       | |  1.1
Dodging        | |  2.1

Action                     |  1- 3 |  4- 6 |  7- 9 || total
---------------------------+-------+-------+-------++-------
  Melee: Unarmed           |    81 |    54 |    46 ||   181
         Punch             |     5 |     1 |     7 ||    13
    Use: Potion            |       |     1 |       ||     1
 Armour: Animal skin       |     5 |       |       ||     5
         Ring mail         |    33 |    36 |    23 ||    92
         Skin              |       |    16 |    61 ||    77
  Dodge: Dodged            |    45 |    37 |    16 ||    98

Table legend: (Time is in decaauts)
 A = Elapsed time spent in this place.
 B = Non-inter-level travel time spent in this place.
 C = Inter-level travel time spent in this place.
 D = Time resting spent in this place.
 E = Time spent auto-exploring this place.
 F = Levels seen in this place.
 G = Mean time per level.
                   A        B        C        D        E       F      G
               +--------+--------+--------+--------+--------+-----+--------+
         Total |   1907 |   1907 |      0 |      0 |   1418 |   5 |  381.4 |
       Dungeon |   1907 |   1907 |      0 |      0 |   1418 |   5 |  381.4 |
               +--------+--------+--------+--------+--------+-----+--------+

Top non-repeatable levels by time:
     D:2: 770 daAuts
     D:3: 468 daAuts
     D:4: 373 daAuts
     D:1: 220 daAuts
     D:5: 74 daAuts
